[Event "55th Biel Festival MTO 2022"]
[Site "Biel"]
[Date "2022.07.15"]
[Round "3.35"]
[White "Foerster-Yialamas Lucas"]
[Black "Karthik Rajaa"]
[Result "1/2-1/2"]
[ECO "B12"]
[WhiteElo "2147"]
[BlackElo "2331"]
[Annotator "ChessBase"]
[PlyCount "57"]
[EventDate "2022.07.13"]
[EventType "swiss"]
[EventCountry "SUI"]
[SourceTitle "playchess.com"]
[Source "ChessBase"]
[SourceQuality "1"]
[TimeControl "40/5400+30:1800+30"]

1. e4 c6 2. d4 d5 3. e5 Bf5 4. h4 h5 5. Bd3 Bxd3 6. Qxd3 Qa5+ 7. b4 Qa6 8. Qb3 e6 9. Nf3 Ne7 10. Bd2 Nf5 11. Nc3 Nd7 12. a4 Be7 13. Ne2 Qc4 14. Qxc4 dxc4 15. a5 O-O 16. Nf4 g6 17. g3 b5 18. c3 Nb8 19. Ng1 Na6 20. Nge2 Nc7 21. f3 Kg7 22. O-O-O Rh8 23. Rdg1 Rag8 24. Be1 Kf8 25. Bf2 Nd5 26. Kc2 Ke8 27. Nxd5 cxd5 28. Nf4 Rh7 29. Rh2 1/2-1/2

[Event "55th Biel Festival MTO 2022"]
[Site "Biel"]
[Date "2022.07.15"]
[Round "3.36"]
[White "Monteverde, Jonathan"]
[Black "Sahithi Varshini M"]
[Result "0-1"]
[ECO "E39"]
[WhiteElo "2091"]
[BlackElo "2312"]
[Annotator "ChessBase"]
[PlyCount "138"]
[EventDate "2022.07.13"]
[EventType "swiss"]
[EventCountry "SUI"]
[SourceTitle "playchess.com"]
[Source "ChessBase"]
[SourceQuality "1"]
[TimeControl "40/5400+30:1800+30"]

1. d4 Nf6 2. c4 e6 3. Nc3 Bb4 4. Qc2 c5 5. dxc5 O-O 6. Nf3 Na6 7. g3 Nxc5 8. Bg2 b6 9. O-O Bb7 10. Nb5 Be4 11. Qd1 Nb7 12. Bf4 Be7 13. Nd6 Nxd6 14. Bxd6 Bxd6 15. Qxd6 Bxf3 16. Bxf3 Rc8 17. Rac1 Qc7 18. Rfd1 Qxd6 19. Rxd6 Rc7 20. b3 Rfc8 21. Rcd1 Kf8 22. Kg2 Ke7 23. R6d2 g5 24. e3 Rc5 25. h3 b5 26. cxb5 Rxb5 27. Rd4 Rc7 28. R1d2 d5 29. Ra4 e5 30. Ra6 e4 31. Be2 Rbc5 32. b4 Rc1 33. f4 gxf4 34. gxf4 R1c6 35. Ra5 Rb6 36. b5 Rd7 37. Ra3 Rbd6 38. Bg4 Rb7 39. Be2 Ne8 40. Rc3 f5 41. Rc6 Rc7 42. Rxd6 Kxd6 43. a4 Rc3 44. Kf2 Ra3 45. Bd1 Rd3 46. Ke2 Rxd2+ 47. Kxd2 Kc5 48. Kc3 Nd6 49. Kd2 Nc4+ 50. Ke2 Nb2 51. Bb3 Nc4 52. Kf2 Kb4 53. Bd1 Nb2 54. Bh5 Nxa4 55. Bf7 Nc5 56. Bxd5 Kxb5 57. Bg8 Kb4 58. Bxh7 a5 59. Ke2 Kc3 60. Bg8 a4 61. h4 a3 62. h5 Nd7 63. h6 Nf6 64. Kf2 Kd2 65. Kg3 Kxe3 66. Ba2 Nh7 67. Bb3 Nf8 68. Be6 Kd2 69. Kg2 e3 0-1

[Event "55th Biel Festival MTO 2022"]
[Site "Biel"]
[Date "2022.07.15"]
[Round "3.37"]
[White "Kolbus Dietmar"]
[Black "Aydin Gulenay"]
[Result "1/2-1/2"]
[ECO "E83"]
[WhiteElo "2285"]
[BlackElo "2100"]
[Annotator "ChessBase"]
[PlyCount "113"]
[EventDate "2022.07.13"]
[EventType "swiss"]
[EventCountry "SUI"]
[SourceTitle "playchess.com"]
[Source "ChessBase"]
[SourceQuality "1"]
[TimeControl "40/5400+30:1800+30"]

1. c4 Nf6 2. Nc3 g6 3. e4 d6 4. d4 Bg7 5. f3 O-O 6. Be3 Nc6 7. Nge2 a6 8. Qd2 Na5 9. Nc1 Nd7 10. b4 Nc6 11. Rb1 e5 12. d5 Nd4 13. Nb3 f5 14. Nxd4 exd4 15. Bxd4 Bxd4 16. Qxd4 Ne5 17. f4 Qh4+ 18. Qf2 Qxf2+ 19. Kxf2 fxe4 20. Kg3 Ng4 21. Nxe4 a5 22. b5 Bf5 23. Re1 Bxe4 24. Rxe4 Nf6 25. Rd4 Rae8 26. Bd3 Re3+ 27. Kh4 Nd7 28. g3 Nc5 29. Rd1 b6 30. Rd2 Kg7 31. Kh3 Rfe8 32. Bc2 Kf6 33. Bd1 R8e4 34. Rxe4 Nxe4 35. Rc2 Ra3 36. Re2 Nc5 37. Rd2 Nd3 38. Kg2 Nb4 39. Bb3 a4 40. Bd1 Nxa2 41. Kf1 Nc3 42. Rd3 Ra1 43. Rxc3 Rxd1+ 44. Ke2 Ra1 45. Kf3 h5 46. Ke4 a3 47. Re3 a2 48. Re2 Rc1 49. Rxa2 Rxc4+ 50. Ke3 Rc5 51. Ra7 Rxd5 52. Rxc7 Rxb5 53. Rd7 Ke6 54. Rg7 Kf5 55. Rf7+ Ke6 56. Rg7 Kf6 57. Rd7 1/2-1/2

[Event "55th Biel Festival MTO 2022"]
[Site "Biel"]
[Date "2022.07.15"]
[Round "3.38"]
[White "Sadeghi, Hassan Roger"]
[Black "Schnepp Gunnar"]
[Result "0-1"]
[ECO "B50"]
[WhiteElo "2068"]
[BlackElo "2265"]
[Annotator "ChessBase"]
[PlyCount "104"]
[EventDate "2022.07.13"]
[EventType "swiss"]
[EventCountry "SUI"]
[SourceTitle "playchess.com"]
[Source "ChessBase"]
[SourceQuality "1"]
[TimeControl "40/5400+30:1800+30"]

1. e4 c5 2. Nf3 d6 3. Be2 Nf6 4. c3 g6 5. O-O Bg7 6. Re1 O-O 7. Bf1 Nc6 8. h3 e5 9. d4 exd4 10. cxd4 cxd4 11. Nxd4 Nxd4 12. Qxd4 Re8 13. Bg5 h6 14. Bxf6 Bxf6 15. Qd2 d5 16. Nc3 dxe4 17. Qc2 e3 18. Rad1 Bf5 19. Rxd8 Bxc2 20. Rxe8+ Rxe8 21. Rxe3 Rxe3 22. fxe3 a6 23. Kf2 b5 24. a3 h5 25. g4 hxg4 26. hxg4 Kg7 27. Bg2 Kh6 28. Bd5 Kg5 29. Kf3 Bxc3 30. bxc3 Bd1+ 31. Kg3 f6 32. Be4 Be2 33. Bb7 a5 34. Ba6 a4 35. Bc8 Bd3 36. Bd7 Be2 37. Bc8 Bd3 38. Bd7 Bc4 39. Bc8 Be2 40. Bd7 Bd3 41. Bc8 f5 42. Bd7 fxg4 43. Bxg4 Kf6 44. Kf2 Ke5 45. Bf3 Kd6 46. Ke1 Kc5 47. Kd2 Bf5 48. e4 Be6 49. Ke3 Kc4 50. Be2+ Kb3 51. Bxb5 Kxa3 52. Kf4 Kb3 0-1

[Event "55th Biel Festival MTO 2022"]
[Site "Biel"]
[Date "2022.07.16"]
[Round "4.1"]
[White "Puranik Abhimanyu"]
[Black "Visakh N R"]
[Result "0-1"]
[ECO "D02"]
[WhiteElo "2612"]
[BlackElo "2503"]
[Annotator "ChessBase"]
[PlyCount "78"]
[EventDate "2022.07.13"]
[EventType "swiss"]
[EventCountry "SUI"]
[SourceTitle "playchess.com"]
[Source "ChessBase"]
[SourceQuality "1"]
[TimeControl "40/5400+30:1800+30"]

1. d4 Nf6 2. Nf3 e6 3. Bf4 d5 4. e3 Bd6 5. Nbd2 O-O 6. Bd3 b6 7. Qe2 Bb7 8. Bg5 Be7 9. Ne5 Ne4 10. Bxe7 Qxe7 11. h4 f6 12. Ng4 Nd7 13. Nxe4 dxe4 14. Bc4 f5 15. Nh2 Bd5 16. O-O-O c6 17. g4 f4 18. g5 f3 19. Qf1 b5 20. Bxd5 cxd5 21. Ng4 Nb6 22. Qxb5 Nc4 23. Qa4 Rfc8 24. b3 Rab8 25. h5 Nd6 26. Kd2 Qc7 27. Rc1 Qc3+ 28. Kd1 Nb5 29. h6 g6 30. Ne5 Rb7 31. Rh4 a5 32. Rf4 Qb2 33. Qxb5 Rxb5 34. Rf7 Rf8 35. Rg7+ Kh8 36. Nf7+ Rxf7 37. Rxf7 Rb8 38. Re7 Rc8 39. a4 Kg8 0-1

[Event "55th Biel Festival MTO 2022"]
[Site "Biel"]
[Date "2022.07.16"]
[Round "4.2"]
[White "Pranav Anand"]
[Black "Aryan Chopra"]
[Result "1/2-1/2"]
[ECO "A62"]
[WhiteElo "2463"]
[BlackElo "2610"]
[Annotator "ChessBase"]
[PlyCount "69"]
[EventDate "2022.07.13"]
[EventType "swiss"]
[EventCountry "SUI"]
[SourceTitle "playchess.com"]
[Source "ChessBase"]
[SourceQuality "1"]
[TimeControl "40/5400+30:1800+30"]

1. d4 Nf6 2. c4 e6 3. g3 c5 4. d5 exd5 5. cxd5 d6 6. Nc3 g6 7. Bg2 Bg7 8. Nf3 O-O 9. O-O Re8 10. Bf4 Bf5 11. Nh4 Bc8 12. Qd2 Bf8 13. Rfe1 a6 14. a4 Nbd7 15. e4 Rb8 16. Rab1 Qa5 17. Nf3 Ng4 18. Qc2 b5 19. axb5 axb5 20. h3 Nge5 21. Nxe5 Nxe5 22. b4 cxb4 23. Na2 Bd7 24. Nxb4 Rec8 25. Qb3 Qa4 26. Bf1 Bg7 27. Kg2 f5 28. Bxe5 Bxe5 29. Nc6 Qxb3 30. Rxb3 Bxc6 31. dxc6 Rxc6 32. Bxb5 Kg7 33. Bxc6 Rxb3 34. exf5 gxf5 35. Re3 1/2-1/2

[Event "55th Biel Festival MTO 2022"]
[Site "Biel"]
[Date "2022.07.16"]
[Round "4.3"]
[White "Yu Yangyi"]
[Black "Azarov Sergei"]
[Result "1/2-1/2"]
[ECO "E48"]
[WhiteElo "2720"]
[BlackElo "2566"]
[Annotator "ChessBase"]
[PlyCount "155"]
[EventDate "2022.07.13"]
[EventType "swiss"]
[EventCountry "SUI"]
[SourceTitle "playchess.com"]
[Source "ChessBase"]
[SourceQuality "1"]
[TimeControl "40/5400+30:1800+30"]

1. c4 Nf6 2. Nc3 e6 3. d4 Bb4 4. e3 O-O 5. Bd3 d5 6. cxd5 exd5 7. Nge2 Re8 8. O-O Bf8 9. a3 a5 10. Nf4 c6 11. Bd2 Na6 12. Qc2 g6 13. Rad1 Nc7 14. f3 Ne6 15. Nxe6 Bxe6 16. Be1 Bg7 17. Bh4 Qd6 18. Bg3 Qe7 19. Be5 Bh6 20. Rfe1 Nd7 21. Bg3 Bg7 22. Kh1 Rac8 23. Qf2 Nf6 24. h3 Rcd8 25. Bh2 b5 26. Be5 Nd7 27. Bxg7 Kxg7 28. Ne2 Nb6 29. Nf4 Qf6 30. Qg3 Kh8 31. Qf2 Bd7 32. Qd2 a4 33. Kg1 Nc8 34. Bf1 Nd6 35. Nd3 Re7 36. Nc5 Bf5 37. Qf2 Rde8 38. Rd2 Kg7 39. Rde2 Bc8 40. e4 dxe4 41. fxe4 Qxf2+ 42. Kxf2 Nb7 43. Nxb7 Rxb7 44. Rc2 Bd7 45. Re3 h5 46. h4 Rd8 47. Rec3 Be8 48. Ke3 b4 49. Rc4 bxa3 50. bxa3 Rb1 51. Be2 Rh1 52. g3 Rg1 53. Kf4 Ra1 54. R2c3 Rb8 55. Bd3 Rb2 56. Ke5 Rb3 57. Bc2 Rbxa3 58. Rxa3 Rxa3 59. Bxa4 Rxg3 60. Bxc6 Bxc6 61. Rxc6 g5 62. hxg5 Rxg5+ 63. Kf4 Rg4+ 64. Kf5 Rg3 65. d5 h4 66. Rc1 h3 67. d6 h2 68. Rh1 Rd3 69. e5 Rd2 70. Kf4 f6 71. Kf5 Rd5 72. Ke6 Rxe5+ 73. Kd7 Re2 74. Kd8 Kf7 75. d7 Rc2 76. Rf1 Rc3 77. Rh1 Rc2 78. Rf1 1/2-1/2

[Event "55th Biel Festival MTO 2022"]
[Site "Biel"]
[Date "2022.07.16"]
[Round "4.4"]
[White "Sargsyan Shant"]
[Black "Gagare Shardul"]
[Result "1-0"]
[ECO "C10"]
[WhiteElo "2661"]
[BlackElo "2514"]
[Annotator "ChessBase"]
[PlyCount "95"]
[EventDate "2022.07.13"]
[EventType "swiss"]
[EventCountry "SUI"]
[SourceTitle "playchess.com"]
[Source "ChessBase"]
[SourceQuality "1"]
[TimeControl "40/5400+30:1800+30"]

1. e4 e6 2. d4 d5 3. Nc3 Nf6 4. Bg5 dxe4 5. Nxe4 Nbd7 6. Nf3 h6 7. Nxf6+ Nxf6 8. Be3 Nd5 9. Bd2 c5 10. Bb5+ Bd7 11. Bxd7+ Qxd7 12. c4 Nb6 13. Rc1 Be7 14. dxc5 Bxc5 15. b4 Be7 16. c5 Nd5 17. Ne5 Qc7 18. Qa4+ Kf8 19. Nf3 g6 20. O-O Kg7 21. Qb3 Rhd8 22. Rfe1 Bf6 23. g3 b5 24. h4 e5 25. Re4 Ne7 26. Nxe5 Bxe5 27. Rxe5 Rxd2 28. Rxe7 Qxe7 29. Qc3+ Qf6 30. Qxd2 Rd8 31. Qe2 a6 32. c6 Rc8 33. c7 Qd6 34. Qb2+ Kg8 35. Qc3 h5 36. a3 Qd5 37. Qf6 Qd7 38. Qb6 Kg7 39. Kh2 Qd2 40. Rc6 Qb2 41. Qe3 Kh7 42. Kg2 Qa2 43. Qd3 Kh6 44. Qd7 Kg7 45. Qxc8 Qd5+ 46. Kh2 Qxc6 47. Qd8 Qb6 48. Kg1 1-0

[Event "55th Biel Festival MTO 2022"]
[Site "Biel"]
[Date "2022.07.16"]
[Round "4.5"]
[White "Motylev Alexander"]
[Black "Iniyan P"]
[Result "1-0"]
[ECO "B51"]
[WhiteElo "2632"]
[BlackElo "2533"]
[Annotator "ChessBase"]
[PlyCount "129"]
[EventDate "2022.07.13"]
[EventType "swiss"]
[EventCountry "SUI"]
[SourceTitle "playchess.com"]
[Source "ChessBase"]
[SourceQuality "1"]
[TimeControl "40/5400+30:1800+30"]

1. e4 c5 2. Nf3 d6 3. Bb5+ Nd7 4. c4 a6 5. Ba4 g6 6. Nc3 Bg7 7. d3 Ngf6 8. h3 b6 9. Be3 Bb7 10. Qd2 h5 11. Rb1 Qc7 12. O-O e6 13. a3 O-O 14. b4 Rfc8 15. Rfc1 Bc6 16. Bd1 d5 17. bxc5 bxc5 18. exd5 exd5 19. d4 Ne4 20. Nxe4 dxe4 21. Bf4 Qd8 22. d5 Bxd5 23. Qxd5 exf3 24. Bxf3 Ra7 25. Qd6 Bf8 26. Qd5 Qf6 27. Bg5 Qd4 28. Re1 Kg7 29. Red1 Qxd5 30. Bxd5 Nf6 31. Bf3 Re8 32. Rb6 Nd7 33. Rb3 Be7 34. Re1 Nf8 35. Rbe3 Ne6 36. Rxe6 fxe6 37. Rxe6 Bxg5 38. Rxe8 Re7 39. Ra8 Re1+ 40. Kh2 Bf6 41. Ra7+ Kh6 42. Rxa6 Bd4 43. g4 hxg4 44. Bxg4 Rf1 45. Kg3 Rxf2 46. a4 Rc2 47. Be6 Kg5 48. Kf3 Bc3 49. Ke4 Rd2 50. Bf7 Kh4 51. Rxg6 Kxh3 52. Rg8 Kh4 53. Bd5 Ra2 54. Bc6 Rd2 55. Bb5 Kh5 56. Kf5 Re2 57. Ra8 Re5+ 58. Kf4 Rg5 59. a5 Bd2+ 60. Ke4 Kg4 61. a6 Bf4 62. Bd7+ Kg3 63. Re8 Rg7 64. a7 Rxd7 65. Rg8+ 1-0

[Event "55th Biel Festival MTO 2022"]
[Site "Biel"]
[Date "2022.07.16"]
[Round "4.6"]
[White "Sethuraman S.P."]
[Black "Pavlovic Milos"]
[Result "1-0"]
[ECO "C66"]
[WhiteElo "2623"]
[BlackElo "2461"]
[Annotator "ChessBase"]
[PlyCount "68"]
[EventDate "2022.07.13"]
[EventType "swiss"]
[EventCountry "SUI"]
[SourceTitle "playchess.com"]
[Source "ChessBase"]
[SourceQuality "1"]
[TimeControl "40/5400+30:1800+30"]

1. e4 e5 2. Nf3 Nc6 3. Bb5 Nf6 4. d3 d6 5. O-O Bd7 6. Re1 g6 7. c3 Bg7 8. a4 O-O 9. a5 Nb8 10. Bc4 Bg4 11. Nbd2 c6 12. h3 Bxf3 13. Nxf3 Nbd7 14. Bb3 Qc7 15. Be3 d5 16. Nd2 dxe4 17. dxe4 Rfd8 18. Qf3 Nc5 19. Bc4 Qe7 20. b4 Ne6 21. Red1 Ne8 22. Bf1 Nd6 23. Nc4 Nb5 24. Re1 Rab8 25. Nb2 a6 26. Bb6 Nec7 27. Na4 Rd7 28. Rec1 Ne6 29. Qe3 Ng5 30. Bc4 Ne6 31. Rd1 Nbc7 32. Bb3 Qf6 33. Rxd7 Rd8 34. Re1 Rxd7 1-0

[Event "55th Biel Festival MTO 2022"]
[Site "Biel"]
[Date "2022.07.16"]
[Round "4.7"]
[White "Mendonca Leon Luke"]
[Black "Banusz Tamas"]
[Result "1-0"]
[ECO "D12"]
[WhiteElo "2567"]
[BlackElo "2611"]
[Annotator "ChessBase"]
[PlyCount "71"]
[EventDate "2022.07.13"]
[EventType "swiss"]
[EventCountry "SUI"]
[SourceTitle "playchess.com"]
[Source "ChessBase"]
[SourceQuality "1"]
[TimeControl "40/5400+30:1800+30"]

1. d4 d5 2. c4 c6 3. Nf3 Nf6 4. e3 Bf5 5. Nc3 e6 6. Nh4 Bg6 7. Be2 Nbd7 8. O-O Bd6 9. g3 O-O 10. Nxg6 hxg6 11. Qc2 Re8 12. Bd2 a6 13. Rac1 b5 14. c5 Bc7 15. f4 Ba5 16. Bf3 Bxc3 17. Bxc3 Ne4 18. Bxe4 dxe4 19. Qxe4 Rc8 20. Qg2 f5 21. e4 Nf6 22. d5 cxd5 23. Bxf6 gxf6 24. exd5 exd5 25. g4 Qd7 26. c6 Qe6 27. Rce1 Qxe1 28. Rxe1 Rxe1+ 29. Kf2 Re4 30. gxf5 Rxf4+ 31. Kg1 Kh8 32. fxg6 Kg7 33. Qxd5 Kxg6 34. Qe6 Rc7 35. Qd6 Rg4+ 36. Kf2 1-0

[Event "55th Biel Festival MTO 2022"]
[Site "Biel"]
[Date "2022.07.16"]
[Round "4.8"]
[White "Ganguly Surya Shekhar"]
[Black "Bharath Subramaniyam H"]
[Result "1-0"]
[ECO "B40"]
[WhiteElo "2608"]
[BlackElo "2479"]
[Annotator "ChessBase"]
[PlyCount "95"]
[EventDate "2022.07.13"]
[EventType "swiss"]
[EventCountry "SUI"]
[SourceTitle "playchess.com"]
[Source "ChessBase"]
[SourceQuality "1"]
[TimeControl "40/5400+30:1800+30"]

1. e4 c5 2. Nf3 e6 3. Nc3 a6 4. Be2 b5 5. O-O Bb7 6. d4 cxd4 7. Qxd4 Nc6 8. Qe3 d6 9. Rd1 Be7 10. e5 d5 11. a4 b4 12. Ne4 Nh6 13. Nc5 Bc8 14. Nb3 Nf5 15. Qf4 O-O 16. g4 Nh6 17. Nbd4 Bd7 18. g5 Nxd4 19. Nxd4 Nf5 20. Nxf5 exf5 21. Rxd5 Qc8 22. Be3 Bc6 23. Rd2 Re8 24. Bc4 Bf8 25. b3 Qb7 26. Rad1 g6 27. e6 fxe6 28. Qe5 Qf7 29. Rd6 Bd5 30. R1xd5 exd5 31. Qxd5 Qxd5 32. Bxd5+ Kh8 33. Bd4+ Bg7 34. Bxg7+ Kxg7 35. Bxa8 Rxa8 36. a5 h6 37. h4 hxg5 38. hxg5 Rc8 39. Rxa6 Rxc2 40. Ra7+ Kf8 41. a6 Ra2 42. Ra8+ Kg7 43. a7 f4 44. Kg2 Ra3 45. f3 Ra5 46. Kh3 Rxg5 47. Rb8 Rg3+ 48. Kh2 1-0

[Event "55th Biel Festival MTO 2022"]
[Site "Biel"]
[Date "2022.07.16"]
[Round "4.11"]
[White "Gurel Ediz"]
[Black "Alekseenko Kirill"]
[Result "0-1"]
[ECO "C45"]
[WhiteElo "2435"]
[BlackElo "2708"]
[Annotator "ChessBase"]
[PlyCount "54"]
[EventDate "2022.07.13"]
[EventType "swiss"]
[EventCountry "SUI"]
[SourceTitle "playchess.com"]
[Source "ChessBase"]
[SourceQuality "1"]
[TimeControl "40/5400+30:1800+30"]

1. e4 e5 2. Nf3 Nc6 3. d4 exd4 4. Nxd4 Nf6 5. Nxc6 bxc6 6. Bd3 d5 7. exd5 cxd5 8. O-O Be7 9. b3 O-O 10. Bb2 c5 11. Nd2 Rb8 12. Be5 Rb6 13. h3 Bb7 14. Re1 g6 15. Be2 Re6 16. Bg3 Qa5 17. Bf3 Ne4 18. Nxe4 dxe4 19. Bg4 Rd8 20. Bxe6 Rxd1 21. Rexd1 fxe6 22. Rd7 Bf6 23. Rad1 e3 24. fxe3 Bd5 25. c4 Be4 26. Bf2 Qxa2 27. Rc7 Qxb3 0-1

[Event "55th Biel Festival MTO 2022"]
[Site "Biel"]
[Date "2022.07.16"]
[Round "4.12"]
[White "Fedoseev Vladimir"]
[Black "Peyrer, Konstantin"]
[Result "1-0"]
[ECO "D02"]
[WhiteElo "2686"]
[BlackElo "2406"]
[Annotator "ChessBase"]
[PlyCount "51"]
[EventDate "2022.07.13"]
[EventType "swiss"]
[EventCountry "SUI"]
[SourceTitle "playchess.com"]
[Source "ChessBase"]
[SourceQuality "1"]
[TimeControl "40/5400+30:1800+30"]

1. Nf3 d5 2. g3 Nc6 3. d4 Bf5 4. Bg2 e6 5. O-O Nb4 6. Ne1 Nf6 7. c4 Qd7 8. Nc3 dxc4 9. Bxb7 Rd8 10. Bg2 c5 11. a3 Nc6 12. dxc5 Qxd1 13. Bxc6+ Qd7 14. Bxd7+ Kxd7 15. Nf3 Bxc5 16. Ne5+ Ke8 17. Nxc4 Bh3 18. Rd1 Rxd1+ 19. Nxd1 Bg4 20. Kf1 Bh3+ 21. Ke1 Ng4 22. f3 Nxh2 23. Be3 Be7 24. Nf2 Bg2 25. Nd3 Nf1 26. Bxa7 1-0

[Event "55th Biel Festival MTO 2022"]
[Site "Biel"]
[Date "2022.07.16"]
[Round "4.13"]
[White "Materia, Marco"]
[Black "Shevchenko Kirill"]
[Result "1/2-1/2"]
[ECO "A70"]
[WhiteElo "2409"]
[BlackElo "2654"]
[Annotator "ChessBase"]
[PlyCount "121"]
[EventDate "2022.07.13"]
[EventType "swiss"]
[EventCountry "SUI"]
[SourceTitle "playchess.com"]
[Source "ChessBase"]
[SourceQuality "1"]
[TimeControl "40/5400+30:1800+30"]

1. d4 Nf6 2. c4 e6 3. Nf3 c5 4. d5 d6 5. Nc3 exd5 6. cxd5 g6 7. h3 Bg7 8. e4 O-O 9. Be3 Re8 10. Nd2 a6 11. a4 Nxe4 12. Ncxe4 f5 13. Nxd6 Qxd6 14. Nc4 Qf8 15. g3 f4 16. gxf4 Qxf4 17. Qe2 Qf6 18. Bg2 Bf5 19. O-O Nd7 20. Rfd1 b5 21. axb5 axb5 22. Rxa8 Rxa8 23. Na3 Qxb2 24. Qxb2 Bxb2 25. Nxb5 Ra1 26. Rxa1 Bxa1 27. Nd6 Bd4 28. Nxf5 gxf5 29. Bf4 Kf7 30. Kf1 Be5 31. Be3 Ke7 32. Ke2 Kd6 33. Bh6 c4 34. Bc1 Bd4 35. h4 Nb6 36. Bh3 Ke5 37. f4+ Kf6 38. d6 Ke6 39. Be3 Bxe3 40. Kxe3 c3 41. Kd3 Na4 42. Kc2 Nc5 43. Kxc3 Ne4+ 44. Kd4 Nxd6 45. Bf1 Kf6 46. Bd3 Nc8 47. Bc4 Nd6 48. Bg8 h6 49. Bd5 Ne8 50. Bf3 Ng7 51. Bd1 Ne6+ 52. Ke3 Nf8 53. h5 Ne6 54. Bb3 Ng7 55. Bd1 Ke6 56. Kd4 Kf6 57. Ke3 Ne8 58. Be2 Ke6 59. Bc4+ Kd6 60. Bd3 Ng7 61. Kd4 1/2-1/2

[Event "55th Biel Festival MTO 2022"]
[Site "Biel"]
[Date "2022.07.16"]
[Round "4.14"]
[White "Ajay Krishna, S."]
[Black "Lagarde Maxime"]
[Result "0-1"]
[ECO "A45"]
[WhiteElo "2372"]
[BlackElo "2631"]
[Annotator "ChessBase"]
[PlyCount "68"]
[EventDate "2022.07.13"]
[EventType "swiss"]
[EventCountry "SUI"]
[SourceTitle "playchess.com"]
[Source "ChessBase"]
[SourceQuality "1"]
[TimeControl "40/5400+30:1800+30"]

1. d4 Nf6 2. Bf4 c5 3. d5 d6 4. Nc3 e5 5. dxe6 Bxe6 6. e4 Nc6 7. Nf3 h6 8. Be2 a6 9. O-O g5 10. Bg3 Nh5 11. Nd2 Nxg3 12. hxg3 h5 13. Bxh5 Ne5 14. g4 Qd7 15. Nd5 Bxd5 16. exd5 O-O-O 17. Qe2 f5 18. gxf5 Qxf5 19. c3 g4 20. f4 Qxh5 21. fxe5 Qh2+ 22. Kf2 Qh4+ 23. g3 Qh2+ 24. Ke1 Qxg3+ 25. Qf2 Qxe5+ 26. Kd1 Rh2 27. Qf5+ Qxf5 28. Rxf5 Bh6 29. Nf1 Rxb2 30. Rf6 Rf8 31. Rxf8+ Bxf8 32. Nd2 Bh6 33. Nc4 Rh2 34. Nxd6+ Kd7 0-1

[Event "55th Biel Festival MTO 2022"]
[Site "Biel"]
[Date "2022.07.16"]
[Round "4.15"]
[White "Herrera Reyes, Jose Antonio"]
[Black "Iturrizaga Bonelli Eduardo"]
[Result "0-1"]
[ECO "B23"]
[WhiteElo "2345"]
[BlackElo "2619"]
[Annotator "ChessBase"]
[PlyCount "44"]
[EventDate "2022.07.13"]
[EventType "swiss"]
[EventCountry "SUI"]
[SourceTitle "playchess.com"]
[Source "ChessBase"]
[SourceQuality "1"]
[TimeControl "40/5400+30:1800+30"]

1. e4 c5 2. Nc3 Nc6 3. b3 g6 4. Bb2 Bg7 5. h4 h6 6. Qc1 Nf6 7. Nd5 d6 8. Ne2 O-O 9. f3 Re8 10. h5 g5 11. Ne3 e6 12. Ng3 d5 13. Bb5 Qc7 14. Ne2 Bd7 15. exd5 exd5 16. Bxf6 Bxf6 17. Nxd5 Qe5 18. Nxf6+ Qxf6 19. c3 Ne5 20. Bxd7 Nd3+ 21. Kd1 Nxc1 22. Rxc1 Rxe2 0-1

[Event "55th Biel Festival MTO 2022"]
[Site "Biel"]
[Date "2022.07.16"]
[Round "4.16"]
[White "Sahithi Varshini M"]
[Black "Huschenbeth Niclas"]
[Result "0-1"]
[ECO "B87"]
[WhiteElo "2312"]
[BlackElo "2610"]
[Annotator "ChessBase"]
[PlyCount "58"]
[EventDate "2022.07.13"]
[EventType "swiss"]
[EventCountry "SUI"]
[SourceTitle "playchess.com"]
[Source "ChessBase"]
[SourceQuality "1"]
[TimeControl "40/5400+30:1800+30"]

1. e4 c5 2. Nf3 d6 3. d4 cxd4 4. Nxd4 Nf6 5. Nc3 a6 6. Bc4 e6 7. Qe2 b5 8. Bb3 Be7 9. a3 O-O 10. Bd2 Bd7 11. f4 Nc6 12. Nf3 Na5 13. Ba2 Rc8 14. O-O Nc4 15. Bxc4 Rxc4 16. e5 dxe5 17. Nxe5 Rc8 18. Be3 Bc6 19. Rad1 Qc7 20. Nxc6 Qxc6 21. Bd4 Rfd8 22. Kh1 Qc4 23. Qf2 a5 24. f5 b4 25. axb4 axb4 26. Ne2 e5 27. b3 Qb5 28. Ba7 Rxd1 29. Rxd1 Rxc2 0-1

[Event "55th Biel Festival MTO 2022"]
[Site "Biel"]
[Date "2022.07.16"]
[Round "4.17"]
[White "Petrov Martin"]
[Black "Stijve, Theo"]
[Result "1/2-1/2"]
[ECO "B77"]
[WhiteElo "2534"]
[BlackElo "2394"]
[Annotator "ChessBase"]
[PlyCount "167"]
[EventDate "2022.07.13"]
[EventType "swiss"]
[EventCountry "SUI"]
[SourceTitle "playchess.com"]
[Source "ChessBase"]
[SourceQuality "1"]
[TimeControl "40/5400+30:1800+30"]

1. e4 c5 2. Nf3 d6 3. d4 cxd4 4. Nxd4 Nf6 5. Nc3 g6 6. Be3 Bg7 7. f3 O-O 8. Qd2 Nc6 9. Bc4 Nxd4 10. Bxd4 Be6 11. Bb3 Qa5 12. O-O-O b5 13. Kb1 b4 14. Nd5 Bxd5 15. exd5 Qb5 16. Rhe1 a5 17. Qe2 Qxe2 18. Rxe2 a4 19. Bc4 Rfc8 20. b3 Rc7 21. Bb5 axb3 22. cxb3 Ra5 23. Bc4 Rb7 24. f4 Ne8 25. g4 Bxd4 26. Rxd4 Kf8 27. g5 Ng7 28. Bd3 Rb8 29. Ree4 Rba8 30. Rxb4 Rxd5 31. Red4 Rda5 32. Be4 Ne6 33. Bxa8 Nxd4 34. Rxd4 Rxa8 35. Kb2 Ke8 36. Rb4 Kd7 37. Rb7+ Ke6 38. a4 d5 39. Kc3 Kd6 40. Kd4 h6 41. h4 hxg5 42. hxg5 Ra5 43. Rb8 Ke6 44. Rc8 Ra7 45. Rd8 Ra5 46. Rh8 f6 47. Rd8 fxg5 48. fxg5 Kf5 49. Rxd5+ e5+ 50. Kc4 Rxd5 51. Kxd5 e4 52. Kd4 Kf4 53. a5 e3 54. Kd3 Kf3 55. a6 e2 56. a7 e1=Q 57. a8=Q+ Kf4 58. Qd5 Qe7 59. Kc4 Qxg5 60. b4 Qe7 61. b5 g5 62. b6 g4 63. b7 Qc7+ 64. Kb5 Kg3 65. Qc6 Qe5+ 66. Qc5 Qb2+ 67. Kc6 Kh3 68. Qh5+ Kg3 69. Qd5 Kh3 70. Qd6 Qc3+ 71. Kb6 Qb3+ 72. Kc6 Qc3+ 73. Qc5 Qf6+ 74. Kc7 Qf7+ 75. Kb6 Qb3+ 76. Qb5 Qe6+ 77. Qc6 Qb3+ 78. Ka7 Qa3+ 79. Kb6 Qb3+ 80. Qb5 Qe6+ 81. Ka5 Qa2+ 82. Qa4 Qd5+ 83. Kb6 Qe6+ 84. Qc6 1/2-1/2

[Event "55th Biel Festival MTO 2022"]
[Site "Biel"]
[Date "2022.07.16"]
[Round "4.18"]
[White "Rathanvel V S"]
[Black "Aziz, Husain"]
[Result "1/2-1/2"]
[ECO "D31"]
[WhiteElo "2478"]
[BlackElo "2380"]
[Annotator "ChessBase"]
[PlyCount "48"]
[EventDate "2022.07.13"]
[EventType "swiss"]
[EventCountry "SUI"]
[SourceTitle "playchess.com"]
[Source "ChessBase"]
[SourceQuality "1"]
[TimeControl "40/5400+30:1800+30"]

1. d4 d5 2. c4 e6 3. cxd5 exd5 4. Nc3 c6 5. Bf4 Bf5 6. e3 Bd6 7. Bxd6 Qxd6 8. Nge2 Nd7 9. Ng3 Bg6 10. Bd3 Ne7 11. O-O O-O 12. Bxg6 hxg6 13. Qb3 Rab8 14. e4 dxe4 15. Ngxe4 Qc7 16. Rfe1 Nb6 17. Rac1 Rbd8 18. Ng5 Qf4 19. Nce4 Nf5 20. Qh3 Nh6 21. Qa3 Nc8 22. Qb3 Nb6 23. Qa3 Nc8 24. Qb3 Nb6 1/2-1/2

[Event "55th Biel Festival MTO 2022"]
[Site "Biel"]
[Date "2022.07.16"]
[Round "4.19"]
[White "Schnepp Gunnar"]
[Black "Raja Harshit"]
[Result "0-1"]
[ECO "E43"]
[WhiteElo "2265"]
[BlackElo "2477"]
[Annotator "ChessBase"]
[PlyCount "58"]
[EventDate "2022.07.13"]
[EventType "swiss"]
[EventCountry "SUI"]
[SourceTitle "playchess.com"]
[Source "ChessBase"]
[SourceQuality "1"]
[TimeControl "40/5400+30:1800+30"]

1. d4 Nf6 2. c4 e6 3. Nc3 Bb4 4. Bd2 b6 5. e3 c5 6. Nf3 Bb7 7. Bd3 cxd4 8. exd4 O-O 9. O-O Nc6 10. a3 Bxc3 11. Bxc3 d5 12. Qe2 dxc4 13. Bxc4 Nd5 14. Bd2 Rc8 15. Rfd1 Qd6 16. Ba2 Nce7 17. Rac1 Nf4 18. Bxf4 Qxf4 19. Qe3 Qd6 20. Rxc8 Rxc8 21. Bb1 Qd5 22. h3 Nf5 23. Qf4 Qd6 24. Qxd6 Nxd6 25. Nd2 Nb5 26. Be4 Bxe4 27. Nxe4 Rc4 28. d5 Rxe4 29. d6 Rd4 0-1